 Dungeon Crawl Stone Soup version 0.18-b1-14-g029dad2 (webtiles) character file.

63 Chiseanne the Magician (level 3, -30/27 HPs)
             Began as a Demonspawn Wizard on Apr 30, 2016.
             Killed from afar by skk's ghost (32 damage)
             ... with a bolt of negative energy
             ... on level 6 of the Dungeon.
             The game lasted 00:05:13 (2793 turns).

Chiseanne the Magician (Demonspawn Wizard)          Turns: 2793, Time: 00:05:13

Health: -30/27     AC:  6    Str:  7    XL:     3   Next: 87%
Magic:  0/7        EV: 11    Int: 22    God:
Gold:   89         SH:  0    Dex: 11    Spells: 1 memorised, 7 levels left

rFire  + . .     SeeInvis .     a - +4 short sword (venom)
rCold  . . .     Gourm    .     q - +0 robe
rNeg   . . .     Faith    .     (no shield)
rPois  .         Spirit   +     b - +1 hat
rElec  .         Dismiss  .     f - +2 cloak {+Inv}
rCorr  .         Reflect  .     (no gloves)
SustAt .         Harm     .     (no boots)
MR     .....                    (no amulet)
Stlth  +.........               (no ring)
                                n - ring of protection from fire

@: heavily drained, not resistant to hostile enchantments, very unstealthy
A: clever 1, magic shield
a: Evoke Invisibility


You were on level 6 of the Dungeon.
You were not hungry.

You visited 1 branch of the dungeon, and saw 4 of its levels.

You collected 89 gold pieces.

Inventory:

Hand Weapons
 a - a +4 short sword of venom (weapon)
Missiles
 g - 58 stones (quivered)
 j - 68 arrows
 r - 23 poisoned needles
 u - a throwing net {!*}
Armour
 b - a +1 hat (worn)
 f - a +2 cloak of invisibility (worn)
 q - a +0 robe (worn)
Jewellery
 n - a ring of protection from fire (left hand)
Wands
 o - a wand of flame (15/48)
Scrolls
 h - 2 scrolls of remove curse
 t - a scroll of enchant weapon
Potions
 e - a potion of cure mutation {unknown}
 i - a potion of haste
 k - a potion of agility {unknown}
 m - a potion of curing {unknown}
 p - a potion of might
 v - a potion of heal wounds {unknown}
Books
 c - a book of Minor Magic

   Spells                             Type                      Level
   a - Magic Dart                     Conjuration                  1
   b - Blink                          Translocation                2
   c - Call Imp                       Summoning                    2
   d - Repel Missiles                 Charms/Air                   2
   e - Slow                           Hexes                        2
   f - Conjure Flame                  Conjuration/Fire             3
   g - Mephitic Cloud                 Conjuration/Poison/Air       3
Comestibles
 d - 4 bread rations
 l - 3 chunks of flesh
 s - a meat ration


   Skills:
 - Level 2.1(0.9) Fighting
 - Level 1.7(0.5) Dodging
 - Level 1.7(0.5) Stealth
 - Level 3.1(1.8) Spellcasting
 - Level 1.3(0.1) Conjurations
   Level 1.0(0.0) Summonings
   Level 0.8(0.0) Translocations
 + Level 2.2(0.9) Evocations


You had 7 spell levels left.
You knew the following spells:

 Your Spells              Type           Power        Failure   Level  Hunger
a - Magic Dart            Conj           #...         14%         1    #......


Dungeon Overview and Level Annotations

Branches:
Dungeon (3/15)

Altars:
Fedhas

Annotations:
D:6 skk's ghost, novice DrBe


Innate Abilities, Weirdness & Mutations

When hurt, damage is shared between your health and your magic reserves.
Your mind is acute. (Int +2)


Message History

Found a flail.
You enter a teleport trap!
The teleport trap disappears.
Your surroundings suddenly seem different.
v - a green potion
j - 68 arrows (gained 19)
Found a ring mail.
You fall through a shaft for 3 floors!
The shaft crumbles and collapses.
You now have 89 gold pieces (gained 17).
As you open the door, it creaks loudly!
There is an open door here.
Skk's ghost (novice Pale Draconian Berserker) comes into view.
Skk's ghost breathes negative energy at you.
The bolt of negative energy hits you!
You feel drained.
Ouch! That really hurt!
* * * LOW HITPOINT WARNING * * *
Skk's ghost breathes negative energy at you.
The bolt of negative energy hits you!
You feel drained.
Ouch! That really hurt!
You die...

.... ###..........#
....# #####'#.######
....# #.....#.#
....#####.......######
...............W.....#
..................##.#
.........#........#
..................##.#
.....###........@....#
.###.# #.....###+#####
#.# #.....#
#.###.....#
#.........# #####....
..


You could see skk's ghost.

Vanquished Creatures
  2 adders (D:2)
  A dart slug (D:3)
  A giant gecko (D:2)
  3 bats
  4 giant cockroaches
  4 hobgoblins
  7 jackals
  2 quokkas
  A ball python (D:1)
  2 giant newts
  5 goblins
  3 kobolds (D:2)
  2 rats
37 creatures vanquished.

Notes
Turn   | Place    | Note
--------------------------------------------------------------
     0 | D:1      | Chiseanne the Demonspawn Wizard began the quest for the Orb.
     0 | D:1      | Reached XP level 1. HP: 13/13 MP: 4/4
   537 | D:1      | Reached skill level 1 in Fighting
   543 | D:1      | Gained mutation: When hurt, damage is shared between your health and your magic reserves. [demonic ancestry]
   543 | D:1      | Reached XP level 2. HP: 13/21 MP: 0/6
  1523 | D:2      | Found a blossoming altar of Fedhas.
  1525 | D:2      | Reached XP level 3. HP: 27/27 MP: 4/7
  1650 | D:2      | Reached skill level 1 in Evocations
  2403 | D:3      | Gained mutation: Your mind is acute. (Int +2) [potion of beneficial mutation]
  2762 | D:3      | You fall through a shaft for 3 floors!
  2783 | D:6      | Noticed skk's ghost (novice DrBe)
  2789 | D:6      | HP: 1/27 [skk's ghost/bolt of negative energy (26)]
  2793 | D:6      | Killed from afar by skk's ghost

Skill      XL: |  1  2  3 |
---------------+----------+-----
Fighting       | 1 2 |  2.1
Evocations     | 2 |  2.2
Dodging        | |  1.7
Stealth        | |  1.7
Spellcasting   | |  3.1
Conjurations   | |  1.3
Summonings     | |  1.0
Translocations | |  0.8

Action                   || total
-------------------------++-------
Melee: Spear             ||    28
       Short sword       ||    34
 Cast: Magic Dart        ||    56
Evoke: Wand              ||     2
  Use: Scroll            ||    10
       Potion            ||     1
  Eat: Bread ration      ||     1
       Chunk             ||     1
Armor: Robe              ||    27
Dodge: Dodged            ||    45
